3R
ELLESMERE ISLAND SNOWPEOPLE @ AMARILLO SUBMARINOS
06/10/2038
 
TOP OF THE 1ST
Ellesmere Island Snowpeople batting - Pitching for Amarillo Submarinos : RHP Marty Brooks
Pitching: RHP Marty Brooks
Batting: RHB Ken Joyner 0-0: Ball
1-0: Ball
2-0: Fly out, F8 (Flyball, 8RD, EV 101.9 MPH)
Batting: RHB Cristóbal Arroyo 0-0: Foul Ball, location: 2F
0-1: Ball
1-1: SINGLE (Line Drive, 78M, EV 104.4 MPH)
Batting: RHB Izaak Gerkis 0-0: Called Strike
0-1: Ball
1-1: Foul Ball, location: 2F
1-2: DOUBLE (Line Drive, 7LD, EV 103.1 MPH)
Cristóbal Arroyo to third
Runner from 3rd tries for Home, SAFE, throw by LF to home
Batting: SHB Blaine Callahan 0-0: Ball
1-0: Called Strike
1-1: Called Strike
1-2: Strikes out swinging
Batting: LHB Qi-zhen Shen 0-0: Fly out, F8 (Flyball, 8LM, EV 88.1 MPH)
Top of the 1st over - 1 run, 2 hits, 0 errors, 1 left on base; Ellesmere Island 1 - Amarillo 0
BOTTOM OF THE 1ST
Amarillo Submarinos batting - Pitching for Ellesmere Island Snowpeople : RHP Hildo van Doorn
Pitching: RHP Hildo van Doorn
Batting: SHB Aubrey Magee 0-0: Ball
1-0: Foul Ball, location: 2F
1-1: Ball
2-1: Foul Ball, location: 2F
2-2: Ball
3-2: Ground out 5-3 (Groundball, 56, EV 89.4 MPH)
Batting: RHB Franck Morel 0-0: Ball
1-0: Ball
2-0: Ball
3-0: Called Strike
3-1: Called Strike
3-2: Fly out, F3 (Popup, 34, EV 73.1 MPH)
Batting: RHB Li-ren Ku 0-0: Foul Ball, location: 2F
0-1: Called Strike
0-2: Ball
1-2: Ball
2-2: Strikes out swinging
Bottom of the 1st over - 0 runs, 0 hits, 0 errors, 0 left on base; Ellesmere Island 1 - Amarillo 0
TOP OF THE 2ND
Ellesmere Island Snowpeople batting - Pitching for Amarillo Submarinos : RHP Marty Brooks
Batting: RHB Bill Wells 0-0: Foul Ball, location: 2F
0-1: Foul Ball, location: 2F
0-2: Ball
1-2: Ball
2-2: SINGLE (Groundball, 6MS, EV 89.4 MPH) (infield hit)
Batting: RHB Ramiro Castillo 0-0: Foul Ball, location: 2F
0-1: Called Strike
0-2: Ball
1-2: Strikes out swinging
Batting: LHB Edward Kisiner 0-0: Called Strike
0-1: Fielders Choice at 2nd, 4-6 (Groundball, 34, EV 104.4 MPH)
Batting: SHB Miguel Villa 0-0: Ball
1-0: Ball
2-0: Ball
3-0: Base on Balls
Edward Kisiner to second
Batting: RHB Ken Joyner 0-0: Called Strike
0-1: SINGLE (Line Drive, 7S, EV 98.1 MPH)
Edward Kisiner to third
Miguel Villa to second
Runner from 3rd tries for Home, SAFE, throw by LF to home
Batting: RHB Cristóbal Arroyo 0-0: Ball
1-0: Ball
2-0: Called Strike
2-1: Fly out, F8 (Flyball, 8RM, EV 92.5 MPH)
Top of the 2nd over - 1 run, 2 hits, 0 errors, 2 left on base; Ellesmere Island 2 - Amarillo 0
BOTTOM OF THE 2ND
Amarillo Submarinos batting - Pitching for Ellesmere Island Snowpeople : RHP Hildo van Doorn
Batting: SHB Jason Pratt 0-0: Called Strike
0-1: SINGLE (Groundball, 6MD, EV 104.4 MPH)
Batting: LHB Rafael Abasto 0-0: Called Strike
Jason Pratt steals 2nd base
0-1: Foul Ball, location: 2F
0-2: Strikes out swinging
Batting: RHB Ryan Blonke 0-0: Called Strike
0-1: Foul Ball, location: 2F
0-2: Strikes out swinging
Batting: RHB Koi-sho Xú 0-0: Foul Ball, location: 2F
0-1: Ball
1-1: Called Strike
1-2: Foul Ball, location: 2F
1-2: Ball
2-2: Strikes out swinging
Bottom of the 2nd over - 0 runs, 1 hit, 0 errors, 1 left on base; Ellesmere Island 2 - Amarillo 0
TOP OF THE 3RD
Ellesmere Island Snowpeople batting - Pitching for Amarillo Submarinos : RHP Marty Brooks
Batting: RHB Izaak Gerkis 0-0: Fly out, F7 (Flyball, 78D, EV 102.5 MPH)
Batting: SHB Blaine Callahan 0-0: Ball
1-0: SINGLE (Flyball, 78S, EV 86.9 MPH)
Batting: LHB Qi-zhen Shen 0-0: Ball
1-0: Ball
2-0: Swinging Strike
2-1: Ground out 4-3 (Groundball, 34, EV 90.0 MPH)
Blaine Callahan to second
Batting: RHB Bill Wells 0-0: Foul Ball, location: 2F
0-1: Ball
1-1: Foul Ball, location: 2F
1-2: Strikes out swinging
Top of the 3rd over - 0 runs, 1 hit, 0 errors, 1 left on base; Ellesmere Island 2 - Amarillo 0
BOTTOM OF THE 3RD
Amarillo Submarinos batting - Pitching for Ellesmere Island Snowpeople : RHP Hildo van Doorn
Batting: RHB Roberto Guerrero 0-0: SINGLE (Line Drive, 8RS, EV 91.2 MPH)
Batting: RHB Royce Coffman 0-0: Ball
1-0: Ball
2-0: Ball
3-0: Called Strike
3-1: Foul Ball, location: 2F
3-2: Fly out, F8 (Flyball, 8RM, EV 95.0 MPH)
Batting: SHB Aubrey Magee 0-0: Ball
1-0: Ball
2-0: Called Strike
2-1: Fielders Choice at 2nd, 6-4 (Groundball, 6S, EV 79.4 MPH)
Batting: RHB Franck Morel 0-0: DOUBLE (Line Drive, 78XD, EV 111.2 MPH)
Aubrey Magee to third
Batting: RHB Li-ren Ku 0-0: Ground out 6-3 (Groundball, 6, EV 88.1 MPH)
Bottom of the 3rd over - 0 runs, 2 hits, 0 errors, 2 left on base; Ellesmere Island 2 - Amarillo 0
TOP OF THE 4TH
Ellesmere Island Snowpeople batting - Pitching for Amarillo Submarinos : RHP Marty Brooks
Batting: RHB Ramiro Castillo 0-0: Foul Ball, location: 2F
0-1: Ball
1-1: Fly out, F7 (Flyball, 7LMF, EV 93.8 MPH)
Batting: LHB Edward Kisiner 0-0: Called Strike
0-1: Swinging Strike
0-2: Foul Ball, location: 2F
0-2: Ball
1-2: Ball
2-2: Strikes out swinging
Batting: SHB Miguel Villa 0-0: Ball
1-0: Ball
2-0: Called Strike
2-1: SINGLE (Line Drive, 78S, EV 96.9 MPH)
Batting: RHB Ken Joyner 0-0: Ball
1-0: SINGLE (Groundball, 6, EV 95.6 MPH) (infield hit)
Miguel Villa to second
Batting: RHB Cristóbal Arroyo 0-0: Foul Ball, location: 2F
0-1: Called Strike
0-2: Fly out, F9 (Flyball, 9S, EV 91.2 MPH)
Top of the 4th over - 0 runs, 2 hits, 0 errors, 2 left on base; Ellesmere Island 2 - Amarillo 0
BOTTOM OF THE 4TH
Amarillo Submarinos batting - Pitching for Ellesmere Island Snowpeople : RHP Hildo van Doorn
Batting: SHB Jason Pratt 0-0: Ball
1-0: Fly out, F8 (Line Drive, 8LM, EV 96.2 MPH)
Batting: LHB Rafael Abasto 0-0: Fly out, F6 (Popup, 6D, EV 55.6 MPH)
Batting: RHB Ryan Blonke 0-0: Called Strike
0-1: Ball
1-1: Swinging Strike
1-2: Strikes out swinging
Bottom of the 4th over - 0 runs, 0 hits, 0 errors, 0 left on base; Ellesmere Island 2 - Amarillo 0
TOP OF THE 5TH
Ellesmere Island Snowpeople batting - Pitching for Amarillo Submarinos : RHP Marty Brooks
Batting: RHB Izaak Gerkis 0-0: Ball
1-0: Called Strike
1-1: Ground out 5-3 (Groundball, 5, EV 81.2 MPH)
Batting: SHB Blaine Callahan 0-0: Swinging Strike
0-1: Ball
1-1: Swinging Strike
1-2: Strikes out looking
Batting: LHB Qi-zhen Shen 0-0: Foul Ball, location: 2F
0-1: Fly out, F8 (Flyball, 78D, EV 83.1 MPH)
Top of the 5th over - 0 runs, 0 hits, 0 errors, 0 left on base; Ellesmere Island 2 - Amarillo 0
BOTTOM OF THE 5TH
Amarillo Submarinos batting - Pitching for Ellesmere Island Snowpeople : RHP Hildo van Doorn
Batting: RHB Koi-sho Xú 0-0: Called Strike
0-1: Fly out, F7 (Flyball, 7LM, EV 97.5 MPH)
Batting: RHB Roberto Guerrero 0-0: Swinging Strike
0-1: Ball
1-1: Ball
2-1: Called Strike
2-2: Strikes out swinging
Batting: RHB Royce Coffman 0-0: Called Strike
0-1: Ball
1-1: Swinging Strike
1-2: Strikes out looking
Bottom of the 5th over - 0 runs, 0 hits, 0 errors, 0 left on base; Ellesmere Island 2 - Amarillo 0
TOP OF THE 6TH
Ellesmere Island Snowpeople batting - Pitching for Amarillo Submarinos : RHP Marty Brooks
Batting: RHB Bill Wells 0-0: Called Strike
0-1: Swinging Strike
0-2: Foul Ball, location: 2F
0-2: Fly out, F8 (Flyball, 8RD, EV 105.0 MPH)
Batting: RHB Ramiro Castillo 0-0: Called Strike
0-1: Ball
1-1: Swinging Strike
1-2: Ball
2-2: Hit by Pitch
Pitching: RHP António Raccuia
Batting: LHB Edward Kisiner 0-0: Ball
1-0: Ball
2-0: Called Strike
2-1: Ball
3-1: Base on Balls
Ramiro Castillo to second
Batting: SHB Miguel Villa 0-0: Ball
1-0: Ball
2-0: Ball
3-0: Called Strike
3-1: Base on Balls
Ramiro Castillo to third
Edward Kisiner to second
Batting: RHB Ken Joyner 0-0: Called Strike
0-1: Grounds into double play, 6-4-3 (Groundball, 6, EV 83.1 MPH)
Top of the 6th over - 0 runs, 0 hits, 0 errors, 2 left on base; Ellesmere Island 2 - Amarillo 0
BOTTOM OF THE 6TH
Amarillo Submarinos batting - Pitching for Ellesmere Island Snowpeople : RHP Hildo van Doorn
Batting: SHB Aubrey Magee 0-0: Fly out, F6 (Popup, 15, EV 71.2 MPH)
Batting: RHB Franck Morel 0-0: Ball
1-0: Ball
2-0: Swinging Strike
2-1: Fly out, F8 (Flyball, 8RD, EV 89.4 MPH)
Batting: RHB Li-ren Ku 0-0: Ball
1-0: Called Strike
1-1: Ground out U3 (Groundball, 3, EV 86.9 MPH)
Bottom of the 6th over - 0 runs, 0 hits, 0 errors, 0 left on base; Ellesmere Island 2 - Amarillo 0
TOP OF THE 7TH
Ellesmere Island Snowpeople batting - Pitching for Amarillo Submarinos : RHP António Raccuia
Batting: RHB Cristóbal Arroyo 0-0: Ball
1-0: Ball
2-0: SOLO HOME RUN (Flyball, 9LD, EV 91.9 MPH), Distance : 338 ft
Batting: RHB Izaak Gerkis 0-0: Called Strike
0-1: Called Strike
0-2: Strikes out swinging
Batting: SHB Blaine Callahan 0-0: Called Strike
0-1: Ball
1-1: Ball
2-1: Foul Ball, location: 2F
2-2: SINGLE (Line Drive, 7S, EV 106.9 MPH)
Batting: LHB Qi-zhen Shen 0-0: Fly out, F6 (Popup, 6MD, EV 48.8 MPH)
Batting: RHB Bill Wells 0-0: Swinging Strike
0-1: Swinging Strike
0-2: Strikes out swinging
Top of the 7th over - 1 run, 2 hits, 0 errors, 1 left on base; Ellesmere Island 3 - Amarillo 0
BOTTOM OF THE 7TH
Amarillo Submarinos batting - Pitching for Ellesmere Island Snowpeople : RHP Hildo van Doorn
Batting: SHB Jason Pratt 0-0: Ball
1-0: Ground out 4-3 (Groundball, 4, EV 102.5 MPH)
Batting: LHB Rafael Abasto 0-0: Ball
1-0: Ball
2-0: Swinging Strike
2-1: Ball
3-1: Base on Balls
Batting: RHB Ryan Blonke 0-0: Swinging Strike
0-1: Ball
1-1: Ball
2-1: Foul Ball, location: 2F
2-2: Strikes out swinging
Batting: RHB Koi-sho Xú 0-0: Foul Ball, location: 2F
0-1: Ball
1-1: Foul Ball, location: 2F
1-2: Ball
2-2: Reached on error, E3 (Groundball, 3, EV 86.9 MPH)
Rafael Abasto to second
Pitching: LHP Diyaa Ababneh
Batting: RHB Roberto Guerrero 0-0: Called Strike
0-1: Swinging Strike
0-2: Strikes out looking
Bottom of the 7th over - 0 runs, 0 hits, 1 error, 2 left on base; Ellesmere Island 3 - Amarillo 0
TOP OF THE 8TH
Ellesmere Island Snowpeople batting - Pitching for Amarillo Submarinos : RHP António Raccuia
Batting: RHB Ramiro Castillo 0-0: Ball
1-0: Called Strike
1-1: Ball
2-1: Ball
3-1: Foul Ball, location: 2F
3-2: Foul Ball, location: 2F
3-2: Foul Ball, location: 2F
3-2: Foul Ball, location: 2F
3-2: Base on Balls
Batting: LHB Edward Kisiner 0-0: Called Strike
0-1: Ball
1-1: Foul Ball, location: 2F
1-2: Ball
2-2: Foul Ball, location: 2F
2-2: Ball
3-2: Base on Balls
Ramiro Castillo to second
Batting: SHB Miguel Villa 0-0: Foul Ball, location: 2F
0-1: Called Strike
0-2: Strikes out looking
Pitching: RHP José Goytia
Batting: RHB Ken Joyner 0-0: SINGLE (Groundball, 6, EV 80.0 MPH) (infield hit)
Ramiro Castillo to third
Edward Kisiner to second
Batting: RHB Cristóbal Arroyo 0-0: Ball
1-0: SINGLE (Groundball, 56, EV 103.1 MPH)
Ramiro Castillo scores
Edward Kisiner to third
Ken Joyner to second
Runner from 3rd tries for Home, SAFE, throw by LF to home
Batting: RHB Izaak Gerkis 0-0: Swinging Strike
0-1: Ball
1-1: Fielders Choice at 2nd, 3-6 (Groundball, 34, EV 81.2 MPH)
Ken Joyner to third
Batting: SHB Blaine Callahan 0-0: SINGLE (Line Drive, 6D, EV 96.9 MPH)
Ken Joyner scores
Izaak Gerkis to second
Pitching: LHP Juan Lune
Batting: LHB Qi-zhen Shen 0-0: Ball
1-0: Foul Ball, location: 2F
1-1: Foul Ball, location: 2F
1-2: Foul Ball, location: 2F
1-2: Foul Ball, location: 2F
1-2: Ball
2-2: Strikes out swinging
Top of the 8th over - 3 runs, 3 hits, 0 errors, 2 left on base; Ellesmere Island 6 - Amarillo 0
BOTTOM OF THE 8TH
Amarillo Submarinos batting - Pitching for Ellesmere Island Snowpeople : LHP Diyaa Ababneh
Batting: RHB Royce Coffman 0-0: Called Strike
0-1: Ball
1-1: Foul Ball, location: 2F
1-2: Ball
2-2: Foul Ball, location: 2F
2-2: Strikes out swinging
Batting: SHB Aubrey Magee 0-0: Ball
1-0: SINGLE (Groundball, 34D, EV 96.2 MPH)
Batting: RHB Franck Morel 0-0: SINGLE (Groundball, 34D, EV 96.2 MPH)
Aubrey Magee to second
Runner from 2nd tries for 3rd, SAFE, throw by RF made to third
Batting: RHB Li-ren Ku 0-0: Called Strike
0-1: SINGLE (Line Drive, 78S, EV 96.9 MPH)
Aubrey Magee scores
Franck Morel to second
Batting: SHB Jason Pratt 0-0: Called Strike
0-1: Ball
1-1: Called Strike
1-2: SINGLE (Groundball, 6D, EV 97.5 MPH)
Franck Morel to third
Li-ren Ku to second
Batting: LHB Rafael Abasto 0-0: Ball
1-0: Ball
2-0: SINGLE (Groundball, 4, EV 88.1 MPH) (infield hit)
Franck Morel scores
Li-ren Ku to third
Jason Pratt to second
Batting: RHB Ryan Blonke 0-0: Ball
1-0: Fielders Choice at 2nd, 5-4 (Groundball, 56, EV 80.0 MPH)
Li-ren Ku scores
Jason Pratt to third
Batting: RHB Koi-sho Xú 0-0: Fly out, F9 (Flyball, 9, EV 83.8 MPH)
Bottom of the 8th over - 3 runs, 5 hits, 0 errors, 2 left on base; Ellesmere Island 6 - Amarillo 3
TOP OF THE 9TH
Ellesmere Island Snowpeople batting - Pitching for Amarillo Submarinos : LHP Juan Lune
Batting: RHB Bill Wells 0-0: Called Strike
0-1: Foul Ball, location: 2F
0-2: Fly out, F9 (Flyball, 9LS, EV 91.9 MPH)
Batting: RHB Ramiro Castillo 0-0: Fly out, F7 (Flyball, 78S, EV 93.1 MPH)
Batting: LHB Edward Kisiner 0-0: Swinging Strike
0-1: Ground out U3 (Groundball, 3, EV 86.2 MPH)
Top of the 9th over - 0 runs, 0 hits, 0 errors, 0 left on base; Ellesmere Island 6 - Amarillo 3
BOTTOM OF THE 9TH
Amarillo Submarinos batting - Pitching for Ellesmere Island Snowpeople : LHP Diyaa Ababneh
Pitching: RHP Millard Whipp
Batting: RHB Roberto Guerrero 0-0: Foul Ball, location: 2F
0-1: Ball
1-1: Ball
2-1: Ball
3-1: Base on Balls
Batting: RHB Royce Coffman 0-0: Swinging Strike
0-1: Called Strike
0-2: Ball
1-2: Strikes out looking
Batting: SHB Aubrey Magee 0-0: Swinging Strike
0-1: Foul Ball, location: 2F
0-2: Ball
1-2: Ground out 3-1 (Groundball, 3, EV 81.9 MPH)
Roberto Guerrero to second
Batting: RHB Franck Morel 0-0: Ground out 4-3 (Groundball, 4, EV 86.9 MPH)
Bottom of the 9th over - 0 runs, 0 hits, 0 errors, 1 left on base; Ellesmere Island 6 - Amarillo 3
Friday, April 17th, 2020 - OOTP Baseball 20.8 Build 74